cohdb
Replays
Latest Replays
All Replays
Popular Replays
Top Player Replays
Match Explorer
How It Works
Community
CoH3 Stats
Reddit
Sign in to upload your games and track your stats! →
Sign in with Steam
Match 40743066
Unlisted
Match 40743066
Overview
Messages
Build Orders
End
Kradschützen Motorcycle Team
Panzergrenadier Squad
Panzergrenadier Squad
Construct Light Support Kompanie
MG34 Team
Construct Mechanized Kompanie
Assault Mechanized Group
Selects Panzerjäger Kommand Battlegroup
Selects Mine Fields
Selects Tank Busters
Selects Crew Shock Tactics
8 Rad Armored Car
Construct Panzerarmee Kommand
Panzerjäger Squad
2.5-tonne Medical Truck
Panzer III L Medium Tank
Selects Defensive Positions
REGULATOR
skychl4962
0
0
Comments
sign in to comment!
No comments posted yet!